 Dungeon Crawl Stone Soup version 0.30.1-4-g462c640d31 (webtiles) character file.

Game seed: 7774967327505995726

109570 LynnLen the Unseen (level 16, -10/85 HPs)
             Began as a Spriggan Enchanter on Aug 21, 2023.
             Was the Champion of Dithmenos.
             Mangled by an orc warrior
             ... wielding a +0 long sword of holy wrath
             ... led by an orc warlord
              (14 damage)
             ... on level 2 of the Orcish Mines on Aug 22, 2023.
             The game lasted 01:43:01 (30375 turns).

LynnLen the Unseen (Spriggan Enchanter)            Turns: 30375, Time: 01:43:02

Health: -10/85     AC: 23    Str:  4    XL:     16   Next: 5%
Magic:  30/33      EV: 24    Int: 25    God:    Dithmenos [******]
Gold:   2189       SH:  6    Dex: 15    Spells: 16/40 levels left

rFire   . . .        r - +4 dagger (protect)
rCold   + . .        x - +1 buckler
rNeg    . . .        v - +2 robe {rC+}
rPois   .            K - +1 hat
rElec   .            H - +2 cloak
rCorr   .            (gloves unavailable)
SInv    +            (boots unavailable)
Will    ++...        f - amulet of magic regeneration Stlth *+++++++++
                     t - +4 ring of protection
HPRegen 0.34/turn    E - +4 ring of protection
MPRegen 0.63/turn

%: no passive effects
@: under a protective aura, wreathed by umbra, studying 2 skills, very quick
A: very small, no large weapons, unfitting armour, see invisible, speed 3
a: Renounce Religion, Shadow Step, Shadow Form


You were on level 2 of the Orcish Mines.
You worshipped Dithmenos.
Dithmenos was exalted by your worship.
You visited 4 branches of the dungeon, and saw 23 of its levels.
You also visited: Sewer, Bailey and Gauntlet.

You collected 2189 gold pieces.

Inventory:

Hand Weapons
 r - a +4 dagger of protection (weapon)
 I - a +1 demon whip of venom
 M - a +0 arbalest
Missiles
 w - a throwing net
Armour
 k - a +2 robe of positive energy
 v - a +2 robe of cold resistance (worn)
 x - a +1 buckler (worn)
 H - a +2 cloak (worn)
 K - a +1 hat (worn)
 U - the +5 robe of Kiehom {+Inv Str-5 Archmagi}
   (You found it on level 13 of the Dungeon)

   Str:       It affects your strength (-5).
   +Inv:      It lets you turn invisible.
   Archmagi:  It increases the power of your magical spells.
Jewellery
 f - an amulet of magic regeneration (around neck)
 l - a ring of poison resistance
 p - a ring of resist corrosion
 t - a +4 ring of protection (left hand)
 E - a +4 ring of protection (right hand)
 J - an amulet of the acrobat
 O - the amulet "Zixkanif" {RegenMP *Slow rElec Will+++ Str-4 Stlth+}
   (You found it on level 3 of the Lair of Beasts)

   [amulet of magic regeneration]

   It increases your rate of magic regeneration.
   Str:       It affects your strength (-4).
   rElec:     It insulates you from electricity.
   *Slow:     It may slow you when you take damage.
   Will:      It greatly increases your willpower.
   Stlth:     It makes you more stealthy.
 P - the ring "Ykkaje" {Fire rPois Str+2}
   (You found it on level 5 of the Lair of Beasts)

   [ring of fire]

   It enhances your fire magic.
   Str:       It affects your strength (+2).
   rF:        It protects you from fire.
   rC:        It makes you vulnerable to cold.
   rPois:     It protects you from poison.
 R - a ring of ice
 S - a ring of flight
 V - the ring of Niruedgh {rF+ Will+ Int+3}
   (You found it on level 14 of the Dungeon)

   [ring of protection from fire]

   Int:       It affects your intelligence (+3).
   rF:        It protects you from fire.
   Will:      It increases your willpower.
 Z - a +6 ring of intelligence
Wands
 y - a wand of roots (6)
 A - a wand of digging (10)
 D - a wand of charming (14)
 Q - a wand of flame (32)
 T - a wand of mindburst (2)
Scrolls
 a - 4 scrolls of immolation
 b - 4 scrolls of poison
 d - 11 scrolls of teleportation
 h - 4 scrolls of fear
 m - 4 scrolls of blinking
 s - 2 scrolls of magic mapping
 C - 2 scrolls of amnesia
 G - 3 scrolls of identify
 L - a scroll of fog
 W - a scroll of vulnerability
 Y - a scroll of silence
Potions
 c - 3 potions of invisibility
 e - 3 potions of might
 i - 4 potions of flight
 j - 3 potions of cancellation
 n - 3 potions of resistance
 o - 7 potions of mutation
 q - 3 potions of curing
 u - 2 potions of attraction
 z - 6 potions of lignification
 B - 4 potions of brilliance
 F - 3 potions of haste
 N - 3 potions of berserk rage
 X - a potion of magic
Miscellaneous
 g - a piece from Xom's chessboard (15/15)


   Skills:
 + Level 9.9 Fighting
 - Level 10.0 Short Blades
 + Level 13.6 Dodging
 + Level 16.1 Stealth
 - Level 4.0 Shields
 + Level 4.1 Unarmed Combat
 + Level 12.7 Spellcasting
 - Level 4.0 Conjurations
 - Level 8.0 Hexes
 - Level 8.0 Translocations
 - Level 8.2 Transmutations
 - Level 4.0 Ice Magic
 + Level 6.8 Air Magic
 + Level 7.1 Invocations


You had 16 spell levels left.
You knew the following spells:

 Your Spells              Type           Power      Damage    Failure   Level
a - Ensorcelled Hibernat  Hex/Ice        90%        N/A       1%          2
b - Confusing Touch       Hex            54%        N/A       1%          3
c - Tukima's Dance        Hex            54%        N/A       1%          3
d - Manifold Assault      Tloc           54%        N/A       2%          4
e - Shock                 Conj/Air       100%       1d9       1%          1
f - Airstrike             Air            25%        2d(4-20)  4%          4
g - Storm Form            Tmut/Air       26%        N/A       94%         7

Your spell library contained the following spells:

 Spells                   Type           Power      Damage    Failure   Level
 Apportation              Tloc           100%       N/A       1%          1
 Magic Dart               Conj           100%       1d8       1%          1
 Sting                    Tmut/Pois      100%       1d8       1%          1
 Blink                    Tloc           100%       N/A       1%          2
 Passwall                 Tmut/Erth      30%        N/A       1%          2
 Searing Ray              Conj           70%        2d7       1%          2
 Static Discharge         Conj/Air       86%        2-6/arc   1%          2
 Dazzling Flash           Conj/Hex       90%        N/A       1%          3
 Swiftness                Air            50%        N/A       1%          3
 Poisonous Vapours        Pois/Air       66%        N/A       2%          2
 Passage of Golubria      Tloc           54%        N/A       2%          4
 Frozen Ramparts          Ice            70%        1d11      3%          3
 Cigotuvi's Dreadful Rot  Necr/Pois/Air  54%        N/A       4%          2
 Fulminant Prism          Conj/Hex       22%        3d12      5%          4
 Ice Form                 Ice/Tmut       46%        N/A       5%          4
 Iskenderun's Mystic Bla  Conj/Tloc      45%        2d10      5%          4
 Necrotise                Necr           60%        1d7       7%          1
 Summon Small Mammal      Summ           60%        N/A       7%          1
 Silence                  Hex/Air        26%        N/A       9%          5
 Summon Lightning Spire   Summ/Air       33%        N/A       16%         4
 Freezing Cloud           Conj/Ice/Air   20%        6-21      24%         5
 Summon Ice Beast         Ice/Summ       25%        N/A       28%         4
 Summon Forest            Summ/Tloc      17%        N/A       34%         5
 Summon Mana Viper        Hex/Summ       35%        N/A       34%         5
 Dispel Undead            Necr           15%        3d10      54%         4
 Olgreb's Toxic Radiance  Pois           15%        N/A       54%         4
 Plasma Beam              Fire/Air       16%        2x1d30    94%         6
 Death Channel            Necr           7%         N/A       100%        6
 Summon Cactus Giant      Summ           7%         N/A       100%        6


Dungeon Overview and Level Annotations

Branches:
Dungeon (15/15)            Temple (1/1) D:4            Lair (5/5) D:9
 Shoals (0/4) Lair:2       Spider (0/4) Lair:2        Slime (0/5) Lair:5
    Orc (2/2) D:10            Elf (0/3) Orc:2        Vaults (0/5) D:13
 Depths (0/4) D:15          Sewer (visited)          Bailey (visited)
Gauntlet (visited)

Altars:
Dithmenos
Gozag
Kikubaaqudgha
Makhleb
Nemelex Xobeh
Okawaru
Qazlal
Ru
Sif Muna
Trog
Uskayaw
Vehumet
Xom
Jiyva
Lugonu

Shops:
D:11 :   D:13 ?   Orc:2 *?

Portals:
Abyss: Lair:5

Annotations:
D:14 Roxanne


Innate Abilities, Weirdness & Mutations

You are very small and have problems with some larger weapons.
You are too small for most types of armour.
You have supernaturally acute eyesight. (SInv)
You cover ground extremely quickly. (Speed+++)


Message History

The helpless orc warlord fails to defend itself.
You perforate the orc warlord like a sieve!!!!
The orc warlord is almost dead.
The orc warlord roars a battlecry!
The orc warrior goes into a battle-frenzy!
The orc warrior closely misses you.
The orc warrior unwields a +3 arbalest.
The orc warrior wields a +0 halberd.
The orc warrior hits you but does no damage.
You hit the orc warlord but do no damage.
The orc warlord is almost dead.
You hit the orc warlord but do no damage.
The orc warlord is almost dead.
Your shadow barely misses the orc warlord.
The orc warlord closely misses you. The orc warrior completely misses you.
The orc warrior closely misses you.
You hit the orc warlord but do no damage.
The orc warlord is almost dead.
Your shadow hits the orc warlord but does no damage.
The orc warrior closely misses you.
The orc warlord roars a battlecry!
The orc goes into a battle-frenzy!
You closely miss the orc warlord.
The orc warlord is almost dead.
You block the orc warrior's attack.
You hit the orc warlord but do no damage.
The orc warlord is almost dead.
The orc warrior hits you with a +0 long sword of holy wrath!
The orc warlord hits you with a +0 war axe of electrocution.
You barely miss the orc warlord.
The orc warlord is almost dead.
The orc warrior completely misses you.
You hit the orc warlord but do no damage.
The orc warlord is almost dead.
The orc warlord hits you with a +0 war axe of electrocution!
* * * LOW HITPOINT WARNING * * *
You are electrocuted!
* * * LOW HITPOINT WARNING * * *
You emit a cloud of dark smoke.
The orc warrior hits you with a +0 long sword of holy wrath!
You die...

#ooo'....+,,,+,,,,,+,+.)#
#oooo....#,,,*,,,,,**#...
#.oo###†.#*****,,,** #..)
###** #''# #####*#######
#o## ##...###...###
#oo###.....).....##
#oo##.............#
##o##..............
###o@o)....####......
#..§.#.#####.######..
#....#.......#...#.##
#..##.......#........
#.....#...#...#...##.
#...#..#..........#..
#.#......##.#..###..#
###..##...##∩∩...∩∩..#.
#.#................8.##


You could see an orc warlord, 2 orc warriors, 2 orc priests and 3 orcs.

Vanquished Creatures
  Gastronok (D:8)
  An emperor scorpion (D:15)
  An orc warlord (Orc:2)
  A minotaur (Gauntlet)
  A dire elephant (D:15)
  Snorg (Orc:1)
  Fannar (Lair:1)
  2 vault guards (D:13)
  An ogre mage (D:15)
  3 hydras
  A catoblepas (Lair:2)
  A death knight (D:15)
  3 centaur warriors (D:13)
  7 two-headed ogres
  5 boulder beetles
  2 thrashing horrors
  An orc high priest (Orc:1)
  2 tengu warriors
  Amaemon (Lair:2)
  2 skysharks
  A fire crab (Gauntlet)
  An orb spider (shapeshifter) (D:14)
  A wizard (D:14)
  Pikel (D:5)
  11 orc knights
  A lindwurm (Lair:3)
  A deep elf pyromancer (D:12)
  3 large abominations (Lair:5)
  18 ugly things
  4 manticores
  3 cyclopes
  A salamander (D:15)
  2 slime creatures (D:12)
  2 black mambas (Lair:3)
  3 smoke demons (Lair:5)
  An elephant (Gauntlet)
  An orange demon (Lair:2)
  A gargoyle (D:12)
  9 cane toads
  2 unseen horrors (D:11)
  6 rime drakes
  A kobold demonologist (D:12)
  3 tengu conjurers (D:13)
  2 ice devils (Lair:1)
  9 trolls
  2 polar bears
  27 blink frogs
  7 saltlings
  Prince Ribbit (D:5)
  A snapping turtle (Lair:2)
  A ynoxinul (Lair:5)
  6 wyverns
  3 wraiths
  50 yaks
  A water elemental (D:13)
  3 shadows
  2 fire bats (Gauntlet)
  2 steam dragons
  A vampire (D:12)
  6 basilisks
  16 vampire mosquitoes
  2 chaos spawn (Lair:5)
  7 wargs
  3 swamp worms (Gauntlet)
  3 acid dragons
  8 water moccasins
  26 orc warriors
  A black bear (D:7)
  An ice beast (D:8)
  7 small abominations
  A hornet zombie (D:6)
  A sky beast (D:7)
  11 wolves
  6 centaurs
  10 ogres
  A phantom (D:6)
  6 bullfrogs
  4 scorpions
  9 wights
  7 electric eels
  4 bullfrog zombies (D:6)
  12 hounds
  3 jellies
  9 orc priests
  3 gnoll boudas
  A sleepcap (D:6)
  An iguana (D:4)
  12 orc wizards
  A killer bee zombie (D:6)
  15 gnolls
  A howler monkey zombie (D:6)
  10 adders
  2 river rats (D:3)
  A shadow imp (D:6)
  A white imp (D:6)
  An ufetubus (D:5)
  A worm (D:2)
  A dart slug (D:5)
  82 orcs
  5 endoplasms
  11 giant cockroaches
  9 goblins
  2 hobgoblins
  2 jackals (D:2)
  6 quokkas
  13 ball pythons
  4 bats
  14 frilled lizards
  4 rats
600 creatures vanquished.

Vanquished Creatures (collateral kills)
  2 vault guards (D:13)
  A spriggan (Lair:5)
  5 orc warriors
  A centaur (D:8)
  A gnoll sergeant (D:6)
  6 wights
  An orc wizard (D:9)
  2 gnolls (D:6)
  7 orcs
  3 goblins (D:10)
29 creatures vanquished.

Vanquished Creatures (others)
  8 dancing weapons
  An orc wizard (D:10)
9 creatures vanquished.

Grand Total: 638 creatures vanquished

Notes
Turn   | Place    | Note
-------+----------+-------------------------------------------
     0 | D:1      | LynnLen the Spriggan Enchanter began the quest for the Orb.
     0 | D:1      | Reached XP level 1. HP: 9/9 MP: 5/5
   692 | D:1      | Reached XP level 2. HP: 13/13 MP: 6/6
   696 | D:1      | Learned a level 2 spell: Ensorcelled Hibernation
  1163 | D:2      | Reached XP level 3. HP: 17/17 MP: 8/8
  1640 | D:3      | Found a glowing drain.
  1717 | Sewer    | Entered a sewer
  1842 | Sewer    | Reached XP level 4. HP: 21/21 MP: 9/9
  2345 | Sewer    | Noticed a bullfrog
  2351 | Sewer    | Noticed a bullfrog
  2362 | Sewer    | Killed a bullfrog
  2363 | Sewer    | Reached skill level 1 in Fighting
  2363 | Sewer    | Reached skill level 5 in Stealth
  2363 | Sewer    | Reached XP level 5. HP: 7/25 MP: 8/11
  2366 | Sewer    | Reached skill level 1 in Ice Magic
  2445 | Sewer    | Learned a level 3 spell: Confusing Touch
  2449 | Sewer    | Learned a level 3 spell: Tukima's Dance
  2780 | D:3      | Reached skill level 5 in Hexes
  2780 | D:3      | Reached XP level 6. HP: 27/30 MP: 7/12
  3766 | D:4      | Reached XP level 7. HP: 33/33 MP: 14/14
  3803 | D:4      | You fall into a shaft and drop 1 floor!
  3803 | D:5      | Entered Level 5 of the Dungeon
  3808 | D:5      | Found an opulent altar of Gozag.
  3808 | D:5      | Found a sacrificial altar of Ru.
  4178 | D:4      | Found a staircase to the Ecumenical Temple.
  4204 | D:4      | Reached skill level 6 in Stealth
  4232 | Temple   | Entered the Ecumenical Temple
  4455 | Temple   | Became a worshipper of Dithmenos the Shadowed
  5065 | D:5      | Reached skill level 5 in Dodging
  5065 | D:5      | Reached XP level 8. HP: 18/39 MP: 10/16
  5465 | D:5      | Reached skill level 5 in Short Blades
  5592 | D:6      | Noticed Prince Ribbit
  5605 | D:5      | Killed Prince Ribbit
  5606 | D:5      | Reached skill level 5 in Spellcasting
  5790 | D:6      | Noticed Pikel
  5797 | D:5      | Killed Pikel
  5798 | D:5      | Reached skill level 7 in Stealth
  5816 | D:6      | Reached XP level 9. HP: 31/43 MP: 18/18
  6009 | D:6      | Reached * piety under Dithmenos
  6029 | D:6      | Identified the +7 quarterstaff "Ighir" {freeze, MP-9 Int+2
                  | Dex+6}
  6761 | D:6      | Reached skill level 8 in Stealth
  6806 | D:6      | Learned a level 4 spell: Manifold Assault
  6867 | D:6      | Reached skill level 1 in Shields
  7105 | D:6      | Reached skill level 1 in Translocations
  7359 | D:7      | Reached ** piety under Dithmenos
  7534 | D:7      | Noticed a two-headed ogre
  7561 | D:7      | Killed a two-headed ogre
  7562 | D:7      | Reached XP level 10. HP: 33/49 MP: 16/20
  8047 | D:8      | Noticed Gastronok
  8141 | D:8      | Reached skill level 9 in Stealth
  9036 | D:8      | Reached *** piety under Dithmenos
  9441 | D:9      | Found a staircase to the Lair.
  9664 | D:9      | Reached skill level 5 in Translocations
  9708 | D:9      | Reached XP level 11. HP: 30/54 MP: 21/23
  9935 | D:9      | Reached skill level 10 in Stealth
 10298 | D:9      | Reached **** piety under Dithmenos
 10638 | Lair:1   | Entered Level 1 of the Lair of Beasts
 11157 | Lair:1   | Noticed Fannar
 11185 | Lair:1   | Killed Fannar
 11186 | Lair:1   | Reached skill level 5 in Fighting
 11186 | Lair:1   | Reached skill level 10 in Short Blades
 11321 | Lair:1   | Found a frozen archway.
 11507 | Lair:1   | Reached skill level 11 in Stealth
 11767 | Lair:2   | Noticed a catoblepas
 11771 | Lair:2   | Killed a catoblepas
 11795 | Lair:2   | Noticed a five-headed hydra
 11814 | Lair:2   | Killed a five-headed hydra
 11875 | Lair:2   | Reached XP level 12. HP: 60/60 MP: 19/25
 12056 | Lair:2   | Found a staircase to the Shoals.
 12198 | Lair:2   | Found a hole to the Spider Nest.
 12202 | Lair:2   | Noticed Amaemon
 12376 | Lair:2   | Killed Amaemon
 12389 | Lair:2   | Learned a level 1 spell: Shock
 12767 | Lair:3   | Identified the amulet "Zixkanif" {RegenMP *Slow rElec
                  | Will+++ Str-4 Stlth+}
 12917 | Lair:3   | Reached skill level 12 in Stealth
 12981 | Lair:3   | Reached skill level 10 in Dodging
 12981 | Lair:3   | Reached skill level 1 in Air Magic
 13392 | Lair:3   | Reached ***** piety under Dithmenos
 13397 | Lair:3   | Reached skill level 1 in Conjurations
 13560 | Lair:3   | Found a radiant altar of Vehumet.
 13856 | Lair:4   | Reached skill level 1 in Invocations
 14041 | Lair:4   | Reached skill level 10 in Spellcasting
 14379 | Lair:4   | Reached skill level 13 in Stealth
 15143 | D:8      | Killed Gastronok
 15144 | D:8      | Reached XP level 13. HP: 47/66 MP: 28/28
 15636 | Lair:5   | Entered Level 5 of the Lair of Beasts
 16155 | Lair:5   | Found a viscous altar of Jiyva.
 16155 | Lair:5   | Found a staircase to the Slime Pits.
 16960 | Lair:4   | Learned a level 4 spell: Airstrike
 16968 | Lair:4   | Learned a level 7 spell: Storm Form
 18413 | Lair:5   | Found a corrupted altar of Lugonu.
 18413 | Lair:5   | Found a one-way gate to the infinite horrors of the Abyss.
 18473 | Lair:5   | Identified the ring "Ykkaje" {Fire rPois Str+2}
 18762 | D:10     | Entered Level 10 of the Dungeon
 18875 | D:10     | Found a flagged portal.
 18892 | Bailey   | Entered a bailey
 19466 | Bailey   | Reached skill level 14 in Stealth
 19481 | D:10     | Reached XP level 14. HP: 72/72 MP: 30/30
 20090 | D:10     | Found a staircase to the Orcish Mines.
 20998 | D:11     | Found a gate leading to a gauntlet.
 21010 | Gauntlet | Entered a Gauntlet
 21010 | Gauntlet | Found a transporter.
 21010 | Gauntlet | Found a transporter.
 21023 | Gauntlet | Found a transporter.
 21023 | Gauntlet | Found a transporter.
 21031 | Gauntlet | Found a runed translucent door.
 21034 | Gauntlet | Found a transporter.
 21038 | Gauntlet | Found a transporter.
 21052 | Gauntlet | Found a transporter.
 21068 | Gauntlet | Found a transporter.
 21083 | Gauntlet | Found a transporter.
 21087 | Gauntlet | Found a transporter.
 21105 | Gauntlet | Found a transporter.
 21105 | Gauntlet | Found a transporter.
 21362 | Gauntlet | Identified the +0 helmet of the Butcher {Slay+3}
 21388 | Gauntlet | Identified the +5 war axe of Faetec {flame, Int+2}
 21399 | Gauntlet | Got the Enchiridion on Geometries
 21402 | Gauntlet | Identified the +4 ring mail of the Harvest Moon {rC+}
 21405 | Gauntlet | Got the Disquisition on Electrocution
 21731 | D:11     | Found Kianoutz's Book Shop.
 21796 | D:11     | Found a stormy altar of Qazlal.
 22241 | D:11     | Reached ****** piety under Dithmenos
 22252 | D:11     | Reached skill level 5 in Air Magic
 22511 | D:11     | Reached skill level 5 in Invocations
 22818 | D:12     | Reached skill level 1 in Unarmed Combat
 22957 | D:12     | Reached XP level 15. HP: 77/77 MP: 28/31
 23463 | D:13     | Identified the +5 robe of Kiehom {+Inv Str-5 Archmagi}
 23901 | D:13     | Found Olotiho's Magic Scroll Shop.
 24668 | D:13     | Found a gate to the Vaults.
 25032 | D:14     | Reached skill level 15 in Stealth
 25348 | D:14     | Identified the ring of Niruedgh {rF+ Will+ Int+3}
 25731 | D:14     | Identified Roxanne's Directory of Shapes
 25731 | D:14     | Noticed Roxanne
 26087 | D:15     | Entered Level 15 of the Dungeon
 26504 | D:15     | Found a shadowy altar of Dithmenos.
 27251 | D:15     | Found a staircase to the Depths.
 27252 | D:15     | Noticed an emperor scorpion
 27265 | D:15     | Killed an emperor scorpion
 27451 | D:15     | Found a hide-covered altar of Uskayaw.
 28055 | Orc:1    | Entered Level 1 of the Orcish Mines
 28323 | Orc:1    | Noticed Snorg
 28475 | Orc:1    | Killed Snorg
 28735 | Orc:2    | Entered Level 2 of the Orcish Mines
 28903 | Orc:2    | Found a staircase to the Elven Halls.
 29877 | Orc:2    | Reached skill level 16 in Stealth
 30089 | Orc:2    | Reached XP level 16. HP: 74/84 MP: 25/33
 30140 | Orc:2    | Found Setteik's Magic Scroll Boutique.
 30339 | Orc:2    | Found Womomm's General Store.
 30375 | Orc:2    | HP: 4/85 [orc warlord/+0 war axe of electrocution (17)]
 30375 | Orc:2    | Mangled by an orc warrior

Illustrated notes

Levels and vault maps discovered:
D:1:      scummos_arrival_simple_crosswalls, layout_basic
D:2:      layout_basic, st_stairs_11
D:3:      layout_loops_cross, portal_sewer_entry_a
D:4:      layout_basic, minmay_temple_entry_gardened_gates
D:5:      layout_basic, mainiacjoe_overflow_large_starburst
D:6:      layout_loops_cross, serial_undead, serial_undead_f, serial_undead_f,
          serial_undead_e, serial_undead_b, minmay_bent, uniq_prince_ribbit1,
          uniq_pikel
D:7:      layout_basic
D:8:      layout_cave_pools, serial_bayou_lagoon_b, uniq_gastronok
D:9:      layout_rooms, erik_lair_island
D:10:     layout_loops_corners, david_orc_5, enter_bailey_5
D:11:     layout_roguey, serial_shops, nicolae_shop_crystal,
          gauntlet_entry_generic, grunt_qazlal_sundering
D:12:     layout_rooms
D:13:     layout_basic, grunt_vaults_entry_fortified, nicolae_stop_n_shop_2,
          kennysheep_small_spiral, kennysheep_generic_room_12
D:14:     layout_long_grid, grunt_decor_cap, uniq_roxanne
D:15:     hangedman_depths_entry_try_elsewhere_first, layout_irregular_city,
          nicolae_uskayaw_suspiria, grunt_dithmenos_smoke_and_mirrors
Temple:   mainiacjoe_temple_big_plus
Lair:1:   layout_cave_pods, portal_ice_cave_demonic_guard, uniq_fannar
Lair:2:   layout_chaotic_city, minmay_shoals_entry_hut,
          spider_nest_entry_web_field, uniq_amaemon
Lair:3:   layout_cave_pods, basic_altar
Lair:4:   layout_cave_pods, serial_bayou_shore_b, grunt_megastairs_2,
          infiniplex_staircase_pool_2, serial_bayou_shore_b
Lair:5:   hellmonk_lair_end_abyssal_woods, layout_regular_city, slime_entry_1,
          grunt_megastairs_3, serial_bayou_shore_a
Orc:1:    layout_caves, nicolae_orc_crystal_geode, uniq_snorg
Orc:2:    hellmonk_orc_salted, layout_diamond_mine, basic_altar,
          nicolae_orc_bridge_out, mines2_david

Skill      XL: |  1  2  3  4  5  6  7  8  9 10 11 12 13 14 15 |
---------------+----------------------------------------------+-----
Short Blades   | 2 3 4 6 7 9 10 | 10.0
Spellcasting   | 3 4 5 6 7 8 10 11 12 | 12.7
Hexes          | 4 5 6 7 8 |  8.0
Dodging        | 3 4 5 6 8 9 11 12 13 | 13.6
Fighting       | 1 2 3 4 5 6 7 8 9 |  9.9
Stealth        | 5 6 7 8 9 11 13 14 16 | 16.1
Ice Magic      | 1 2 3 4 |  4.0
Shields        | 1 2 4 |  4.0
Translocations | 2 5 7 8 |  8.0
Air Magic      | 3 4 5 6 |  6.8
Conjurations   | 2 3 4 |  4.0
Invocations    | 2 4 5 7 |  7.1
Transmutations | 8 |  8.2
Unarmed Combat | 1 4 |  4.1

Action                     |  1- 3 |  4- 6 |  7- 9 | 10-12 | 13-15 | 16-18 || total
---------------------------+-------+-------+-------+-------+-------+-------++-------
  Melee: Dagger            |   117 |    95 |   351 |   557 |  1244 |    34 ||  2398
         Punch             |     1 |     1 |     4 |     2 |       |       ||     8
   Cast: Ensorcelled Hiber |    19 |    48 |    53 |   132 |   211 |    25 ||   488
         Tukima's Dance    |       |       |    21 |    12 |    36 |       ||    69
         Confusing Touch   |       |       |    22 |    23 |    73 |       ||   118
         Manifold Assault  |       |       |       |     3 |     7 |       ||    10
         Shock             |       |       |       |       |     7 |       ||     7
         Airstrike         |       |       |       |       |     7 |       ||     7
 Invoke: Shadow Step       |       |       |       |       |     2 |       ||     2
  Evoke: Piece from Xom's  |       |       |       |       |     3 |       ||     3
    Use: Scroll            |     5 |       |     8 |    16 |    13 |       ||    42
         Potion            |     1 |       |       |     3 |     6 |       ||    10
   Stab: Sleeping          |    23 |    28 |    37 |   110 |   179 |    18 ||   395
         Confused          |       |       |    21 |    25 |    86 |       ||   132
         Invisible         |       |       |       |     4 |       |       ||     4
         Distracted        |       |       |       |     1 |     1 |       ||     2
 Armour: Robe              |    31 |    24 |    31 |    46 |   211 |     2 ||   345
  Dodge: Dodged            |    91 |   107 |   248 |   342 |   899 |    37 ||  1724
  Block: Buckler           |       |       |       |    17 |   269 |     8 ||   294
